Winsalmostnever, neutral male human Tourist ------------ --------- |......uda'| -------- |.......| ##..)..<..aa@|#######`##.......| |.....^..# ##### # ---------|--# |..>...| |.......|# #-------------### # ## ##-......| ---------# #+`.........`|) # # |......| # #|...........|) # ### -------- # #|...-----...|# ### # # #|...|.{.|...|# # ### # #|..`.{.{|`..|) ## ### # #[## #|...|.{.|...|) # # # #------ #....-----...|# ##### ## # #-.....######|.....`......# ---.--|-# |....| #|`.........`| |......|# |....|######------------- |......|# ------ |..^...|# |......|# |......-# -------- Winsalmostnever the Excursionist Experience level: 7 Strength: 17 Dexterity: 14 Constitution: 13 Intelligence: 14 Wisdom: 8 Charisma: 14 Health: 0(82) Energy: 12(12) Def: 11 Gold: 1637 Moves: 4673 Dungeon seed: vxpH4yXtnVUsrY4e Game ID: Winsalmostnever_1709370212 Your Inventory: Coins $ - 1637 gold pieces Weapons a - 4 uncursed +2 darts E - 24 uncursed +0 darts (in quiver) I - an uncursed +0 dwarvish short sword (weapon in hand) M - 8 uncursed +1 darts Armor e - an uncursed +0 orcish helm (being worn) h - a blessed +1 orcish cloak (being worn) y - an uncursed +0 dwarvish roundshield (being worn) W - an uncursed +0 scale mail (being worn) Y - an uncursed +0 pair of iron shoes (being worn) Comestibles f - an uncursed clove of garlic D - 5 uncursed food rations Scrolls j - an uncursed scroll of magic mapping Potions c - an uncursed potion of object detection g - an uncursed potion of gain level i - an uncursed potion of extra healing z - an uncursed potion of confusion A - an uncursed potion of paralysis Rings r - a blessed +1 ring of gain strength (on left hand) w - an uncursed +2 ring of gain strength (on right hand) Wands t - an uncursed wand of summoning (0:0) C - an uncursed wand of lightning (0:0) F - an uncursed wand of make invisible (0:6) L - an uncursed wand of speed monster (0:2) Tools l - an uncursed credit card m - an uncursed expensive camera (0:43) n - an uncursed leash p - an uncursed tin opener q - an uncursed towel x - an uncursed magic whistle J - an uncursed bag of holding P - an uncursed stethoscope Z - an uncursed oil lamp (lit) (0:151) Contents of the bag of holding: the uncursed +0 Sting an uncursed apple 2 uncursed fortune cookies an uncursed lembas wafer an uncursed scroll of destroy armor a blessed scroll of magic mapping a cursed ring of teleportation an uncursed brass lantern (0:1242) an uncursed magic marker (0:0) Spells and supernatural/magical abilities: Name Level Category Cost Memory l - light 1 divination 1000pw 99% o - cone of cold 4 attack 4000pw 98% s - slow monster 2 enchantment 2000pw 97% D - drain life 2 attack 2000pw 97% W - pray for help -- divine ? -- Your skills at the end: Fighting Skills wands [Basic] Weapon Skills short sword [Basic] dart [Skilled] Spellcasting Skills Final Attributes: You were piously aligned. You were telepathic. You were invisible. You were very fast. The Lady was noncommittal. You are dead. Vanquished creatures: a leprechaun a vampire bat a dingo a blue jelly a dust vortex a raven 2 gnome mummies a soldier ant an imp a wood nymph 4 Uruk-hai 2 orc shamans 2 rock piercers 2 ponies 2 fog clouds 2 shriekers 8 gnome lords a gnomish wizard a ghoul a giant ant a floating eye 9 dwarves a homunculus a kobold shaman 8 hill orcs 2 rothes a centipede a dwarf zombie an iguana 6 killer bees an acid blob a coyote a gas spore a hobbit 6 giant rats 6 cave spiders a brown mold a yellow mold a green mold 24 gnomes 2 garter snakes 2 geckos a jackal 2 foxes 5 goblins 2 sewer rats 4 grid bugs a bat 6 lichens 4 newts 139 creatures vanquished. Voluntary challenges: You had been an atheist until turn 2065. You used a wielded weapon 94 times, starting on turn 325. You read items or engraved 31 times, starting on turn 445. You never genocided any monsters. You never polymorphed an object. You never changed form. You used no wishes. You never split a pudding. You never wrote Elbereth's name. You never violated your personal moral code. Dungeon overview: The Dungeons of Doom: levels 1 to 8 Level 1 a fountain a long staircase Level 2 some fountains, a sink stairs to The Gnomish Mines Level 3 a fountain Level 4 some fountains, a sink Level 5 Level 6 a fountain Level 7 a fountain Level 8 <- You were here many fountains The Gnomish Mines: levels 3 to 5 Level 3 stairs to The Dungeons of Doom Level 4 Level 5 many shops, a temple to Offler, some fountains, some trees History has recorded: On T:1 you entered the Dungeons of Doom to retrieve the Amulet of Yendor! On T:526 you reached level 2 of The Dungeons of Doom. On T:848 you reached level 1 of The Gnomish Mines. On T:886 you advanced to experience level 2. On T:933 you advanced to experience level 3. On T:1232 you reached level 2 of The Gnomish Mines. On T:1248 you advanced to experience level 4. On T:1651 you reached level 3 of The Gnomish Mines. On T:1708 you advanced to experience level 5. On T:1965 you advanced to experience level 6. On T:2510 you reached level 3 of The Dungeons of Doom. On T:2829 you reached level 4 of The Dungeons of Doom. On T:3210 you reached level 5 of The Dungeons of Doom. On T:3582 you reached level 6 of The Dungeons of Doom. On T:3871 you reached level 7 of The Dungeons of Doom. On T:4174 you reached level 8 of The Dungeons of Doom. On T:4474 you advanced to experience level 7. Score breakdown: Gold: 1261 (10548 points) Experience: 7 levels (13645 points) Exploration: 8 levels ( 16.67%) (11577 points) Discoveries: 26 items ( 8.58%) ( 8787 points) Valuables value: (no points given unless you survive) Artifact value: 0 ( 0 points) Variety of kills: 50 monsters ( 13.16%) (10882 points) Turncount: 4673 turns (-1254 points) Survival: died (score multiplied by 80%) Total score: 43348 Latest messages: You are suddenly moving much faster. The soldier ant bites! The soldier ant just misses! The soldier ant bites! The soldier ant stings! You feel much better. You throw 2 darts. The 1st dart hits the soldier ant! The 2nd dart hits the soldier ant. The soldier ant misses. The soldier ant stings! The soldier ant bites! The soldier ant misses. You hit the soldier ant. The soldier ant misses. (2x) The soldier ant bites! The soldier ant stings! You miss the soldier ant. The soldier ant misses. The soldier ant stings! The soldier ant misses. The soldier ant stings! You die... Final status: Aloha Winsalmostnever the Tourist, killed by a soldier ant... You died in The Dungeons of Doom on dungeon level 8 with 43348 points, and 1637 pieces of gold, after 4673 moves. You were level 7 with a maximum of 82 hit points when you died.